 Dungeon Crawl Stone Soup version 0.12.2-6-g2b2ad49 (webtiles) character file.

260 SinisterLaugh the Changer (level 4, 0/29 HPs)
             Began as a Sludge Elf Transmuter on June 15, 2013.
             Slain by an iguana (13 damage)
             ... on Level 4 of the Dungeon.
             The game lasted 00:26:56 (2719 turns).

SinisterLaugh the Changer (Sludge Elf Transmuter)   Turns: 2719, Time: 00:26:56

HP   0/29        AC  2     Str 11      XL: 4   Next: 81%
MP   4/7         EV 21     Int 14      God:
Gold 155         SH  0     Dex 23      Spells:  2 memorised,  4 levels left

Res.Fire  : . . .   See Invis. : .     - Unarmed
Res.Cold  : . . .   Warding    : .   c - melded +0 elf robe
Life Prot.: . . .   Conserve   : +   (shield currently unavailable)
Res.Poison: x       Res.Corr.  : .   (helmet currently unavailable)
Res.Elec. : .       Clarity    : .   (cloak currently unavailable)
Sust.Abil.: . .     Spirit.Shd : .   (gloves currently unavailable)
Res.Mut.  : .       Stasis     : .   (boots currently unavailable)
Res.Rott. : .       Ctrl.Telep.: .   g - amulet of conservation
Saprovore : . . .   Flight     : .   q - cursed +3 ring of dexterity
                                     m - ring of flight

@: spider-form (expiring), quick, slightly resistant to hostile enchantments,
fairly stealthy
A: no striking features
a: End Transformation, Evoke Flight


You were on level 4 of the Dungeon.
You were not hungry.
You were in spider-form.
You visited 1 branch of the dungeon, and saw 4 of its levels.

You collected 135 gold pieces.

Inventory:

Missiles
 b - 12 arrows
 k - 16 poisoned needles
Armour
 c - a +0 elven robe (melded)
 o - a +0 helmet
Magical devices
 t - a wand of fireball (1)
Comestibles
 a - 4 bread rations
 n - 2 meat rations
 r - 3 chokos
 z - an apple
Scrolls
 j - a scroll of curse weapon {unknown}
 l - a scroll of fear
 p - a scroll of enchant weapon II {unknown}
 s - a scroll of remove curse
 u - 2 scrolls of identify
 w - 2 scrolls of blinking {unknown}
Jewellery
 f - an uncursed ring of sustain abilities
 g - an amulet of conservation (around neck)
 m - a ring of flight (left front leg)
 q - a cursed +3 ring of dexterity (right front leg)
Potions
 e - 2 potions of heal wounds {unknown}
 h - a potion of brilliance {unknown}
 i - a potion of mutation {unknown}
 v - a potion of confusion {unknown}
 x - a potion of poison {unknown}
Books
 d - a book of Changes

   Spells                             Type                      Level
   *Beastly Appendage                 Transmutation                1
   Sticks to Snakes                   Transmutation                2
   *Spider Form                       Transmutation/Poison         3
   Ice Form                           Ice/Transmutation            4
   Blade Hands                        Transmutation                5


   Skills:
 + Level 2.0 Fighting
 - Level 2.4 Dodging
 + Level 4.0 Unarmed Combat
 + Level 2.8 Spellcasting
 - Level 4.7 Transmutations
 - Level 1.0 Poison Magic


You had 4 spell levels left.
You knew the following spells:

 Your Spells              Type           Power        Failure   Level  Hunger
a - Beastly Appendage     Trmt           ####...      12%         1    #......
b - Spider Form           Trmt/Pois      ###.......   41%         3    ####...


Dungeon Overview and Level Annotations

Branches:
Dungeon (4/27)
 Temple: D:4-7

Altars:
Elyvilon
Makhleb


Message History

You hit the iguana.
The iguana is poisoned.
The iguana is lightly wounded.
The iguana bites you!
You hit the iguana.
The iguana looks even sicker.
The iguana is moderately wounded.
The iguana completely misses you.
You barely miss the iguana.
The iguana is moderately wounded.
Your transformation is almost over.
The iguana closely misses you.
You completely miss the iguana.
The iguana is heavily wounded.
The iguana closely misses you.
Your magical contamination has completely faded away.
You closely miss the iguana.
The iguana is heavily wounded.
You completely miss the iguana.
The iguana is heavily wounded.
The iguana bites you!
You die...

.....>...#
#......$./###
#...........
#.........#
#.........#
#.........#
#.........#
#######l###
#s# ###.#
#...# #.###
#.#
######+###
######'##
#.O.<.l...
#.......#
#.........
#.......#
#.........
#?......#
#.........


You could see an iguana.

Vanquished Creatures
  A hound (D:4)
  Jessica (D:3)
  A worm (D:2)
  2 giant geckos
  An ooze (D:4)
  An orc (D:3)
  9 bats
  A giant cockroach (D:1)
  4 goblins
  6 hobgoblins
  3 jackals (D:2)
  8 kobolds
  A ball python (D:3)
  A giant newt (D:3)
  A hobgoblin skeleton (D:3)
  2 rats
43 creatures vanquished.

Vanquished Creatures (others)
  A quokka (D:2)
1 creature vanquished.

Grand Total: 44 creatures vanquished

Notes
Turn   | Place    | Note
--------------------------------------------------------------
     0 | D:1      | SinisterLaugh, the Sludge Elf Transmuter, began the quest for the Orb.
     0 | D:1      | Reached XP level 1. HP: 13/13 MP: 1/1
   547 | D:1      | Reached XP level 2. HP: 15/18 MP: 4/4
   998 | D:1      | Found a burning altar of Makhleb.
  1152 | D:2      | Reached skill level 4 in Transmutations
  1392 | D:2      | Found a white marble altar of Elyvilon.
  1431 | D:2      | Reached XP level 3. HP: 23/23 MP: 5/5
  1436 | D:2      | Learned a level 3 spell: Spider Form
  2183 | D:3      | Reached skill level 1 in Poison Magic
  2293 | D:3      | Noticed Jessica
  2300 | D:3      | Killed Jessica
  2300 | D:3      | Reached XP level 4. HP: 17/28 MP: 5/7
  2628 | D:4      | Noticed an ogre
  2719 | D:4      | Slain by an iguana

Action                   |  1- 3 |  4- 6 || total
-------------------------+-------+-------++-------
Melee: Unarmed           |   143 |    27 ||   170
 Cast: Beastly Appendage |    16 |       ||    16
       Spider Form       |     3 |     2 ||     5
Evoke: Wand              |     1 |       ||     1
  Use: Scroll            |    10 |     1 ||    11
       Potion            |     1 |       ||     1
 Stab: Sleeping          |     1 |       ||     1
